Map: Blood Boil LE

Players

Rogue

  • Race: Zerg Zerg
  • Spawn Location: 5:00

ByuN - Winner!

  • Race: Terran Terran
  • Spawn Location: 11:00

VOD

Have the link to the VOD?

Description

Time

  • Played on: July 29, 2017, 11:17 p.m.
  • Length: 12:34
Show
View Real Time Build Order
Export as new Build Order

Rogue Zerg 

Build Orders: Pool First 

Get SALT Encoding   

  12  0:00  Unknown, Drone  
  13  0:13  Overlord  
  13  0:17  Drone  
  14  0:31  Drone x2  
  14  0:35  Drone  
  17  0:45  Extractor  
  17  0:46  Drone  
  17  0:50  Spawning Pool  
  16  0:57  Drone  
  17  1:08  Drone  
  18  1:21  Hatchery  
  18  1:25  Drone  
  18  1:28  Drone  
  19  1:39  Queen  
  19  1:46  Overlord  
  21  1:50  Zergling x2  
  22  2:00  Roach Warren  
  21  2:04  Drone  
  22  2:16  Queen  
  22  2:21  Drone  
  25  2:27  Overlord  
  25  2:41  Roach x2  
  29  2:47  Roach x2  
  29  2:51  Roach  
  35  2:56  Roach  
  37  3:00  Drone x2  
  37  3:04  Drone  
  40  3:08  Ravager  
  40  3:09  Ravager  
  42  3:12  Overlord  
  42  3:19  Drone x2  
  44  3:30  Overlord  
  44  3:33  Drone x3  
  47  3:36  Ravager  
  47  3:38  Drone x2  
  47  3:41  Drone  
  51  3:43  Drone  
  52  3:49  Drone x2  
  52  3:53  Drone  
  55  4:05  Hatchery  
  55  4:07  Metabolic Boost  
  54  4:12  Drone x3  
  54  4:15  Drone  
  59  4:17  Drone  
  59  4:18  Drone  
  59  4:20  Drone  
  59  4:25  Drone  
  60  4:34  Extractor  
  60  4:36  Drone  
  60  4:37  Overlord  
  60  4:44  Queen  
  60  4:49  Drone x2  
  60  4:53  Overlord  
  60  4:54  Extractor  
  59  5:00  Roach x4  
  59  5:02  Drone, Overlord  
  68  5:09  Spore Crawler  
  68  5:11  Drone x3  
  70  5:21  Drone  
  70  5:22  Queen, Drone x4  
  77  5:31  Drone x2  
  77  5:34  Queen, Drone  
  81  5:38  Lair  
  81  5:40  Zergling x10  
  86  5:43  Spore Crawler  
  86  5:47  Drone  
  86  5:51  Drone  
  86  5:52  Drone  
  86  5:57  Roach  
  90  5:58  Overlord x2  
  88  6:08  Overlord  
  88  6:12  Overlord x2  
  88  6:16  Evolution Chamber  
  88  6:17  Extractor  
  88  6:18  Evolution Chamber  
  85  6:20  Ravager x2, Roach  
  85  6:21  Roach x7  
  85  6:23  Drone  
  104  6:25  Drone  
  104  6:32  Drone x2  
  107  6:36  Glial Reconstitution  
  107  6:38  Drone  
  107  6:39  Drone x3  
  111  6:41  Extractor  
  111  6:43  Drone x3  
  111  6:44  Zerg Ground Armor Level 1  
  111  6:45  Drone x2  
  111  6:46  Drone  
  116  6:51  Hatchery  
  115  6:55  Zergling x2  
  115  6:56  Zergling x8  
  114  7:07  Drone x3  
  111  7:17  Drone  
  111  7:18  Drone x6  
  111  7:22  Hatchery  
  114  7:27  Zergling x2  
  114  7:28  Zergling x4  
  117  7:33  Zerg Missile Weapons Level 1  
  117  7:35  Overlord x2  
  117  7:36  Pneumatized Carapace  
  117  7:38  Burrow  
  117  7:41  Ravager  
  117  7:42  Zergling x6  
  109  7:55  Tunneling Claws  
  109  7:57  Drone x7  
  114  8:02  Drone  
  114  8:03  Spore Crawler  
  114  8:07  Roach x3  
  114  8:08  Ravager  
  114  8:12  Infestation Pit  
  120  8:15  Drone  
  120  8:16  Spine Crawler  
  120  8:18  Roach  
  120  8:19  Roach x7  
  136  8:21  Spine Crawler  
  135  8:28  Extractor x2, Queen, Drone x3  
  135  8:33  Spore Crawler  
  137  8:35  Drone x2  
  137  8:38  Roach  
  137  8:39  Roach x4, Overlord x2  
  137  8:40  Overlord  
  149  8:42  Overlord  
  135  8:49  Zerg Ground Armor Level 2  
  135  8:52  Drone x4  
  135  8:53  Drone x3  
  142  8:59  Hive  
  142  9:00  Zergling x2  
  142  9:01  Zergling x8  
  147  9:04  Drone x2  
  147  9:07  Overseer  
  149  9:12  Drone  
  149  9:14  Infestor  
  149  9:15  Infestor  
  149  9:16  Ravager  
  155  9:24  Zergling x2  
  155  9:25  Zergling x14, Roach x2  
  155  9:26  Roach  
  155  9:27  Spine Crawler  
  167  9:33  Zergling x6  
  167  9:34  Zergling x10  
  170  9:45  Ravager x3  
  173  9:46  Roach x4  
  173  9:47  Overlord  
  173  9:49  Roach  
  173  9:50  Overlord  
  173  9:52  Overlord  
  182  9:53  Spine Crawler  
  179  10:00  Roach  
  179  10:01  Overlord x3  
  179  10:03  Overlord  
  166  10:11  Roach x11  
  166  10:12  Roach  
  159  10:16  Zergling x2  
  159  10:17  Zergling x8  
  159  10:20  Ravager  
  159  10:21  Ravager x3  
  168  10:23  Zergling x12  
  172  10:29  Extractor  
  169  10:43  Hatchery  
  169  10:44  Ultralisk Cavern  
  169  10:49  Ravager x2  
  160  11:13  Zergling x2  
  160  11:14  Zergling x26  
  160  11:18  Baneling Nest  
  173  11:24  Roach x4  
  173  11:28  Roach  
  173  11:29  Roach x7  
  173  11:30  Zergling x8  
  193  11:36  Roach x3  
  177  11:47  Hatchery  
  177  11:48  Ultralisk, Zergling x22  
  178  11:56  Roach x5  
  178  11:59  Roach x2  
  168  12:05  Zergling x20  
  168  12:06  Zergling x4  
Show
View Real Time Build Order
Export as new Build Order

ByuN Terran - Winner!

Build Orders: Reaper Expand, Bio Tank 

Get SALT Encoding   

  12  0:00  Unknown  
  12  0:01  SCV  
  13  0:13  SCV  
  14  0:18  Supply Depot  
  14  0:25  SCV  
  15  0:39  SCV  
  15  0:40  Barracks  
  16  0:45  Refinery  
  16  0:51  SCV  
  17  1:03  SCV  
  18  1:15  SCV  
  19  1:27  Reaper  
  19  1:28  Orbital Command  
  20  1:43  Command Center  
  20  1:53  Barracks  
  20  1:57  SCV  
  20  2:00  Marine  
  22  2:07  Supply Depot  
  22  2:10  SCV  
  23  2:19  Barracks Reactor  
  23  2:23  Refinery  
  23  2:28  SCV  
  24  2:31  Factory  
  24  2:40  SCV  
  24  2:43  Barracks Tech Lab  
  25  2:53  SCV  
  25  2:55  Orbital Command  
  26  2:59  Marine  
  26  3:00  Marine  
  26  3:01  Marine  
  26  3:05  SCV  
  30  3:14  Stimpack  
  30  3:19  Marine  
  31  3:20  Marine x2  
  31  3:22  SCV  
  31  3:23  SCV  
  35  3:28  Starport  
  35  3:31  Factory Reactor  
  35  3:34  SCV  
  35  3:35  SCV  
  35  3:37  Marine  
  38  3:41  Supply Depot  
  38  3:43  Supply Depot  
  38  3:44  Marine  
  38  3:45  Marine  
  41  3:50  SCV x2  
  41  3:53  Factory Tech Lab  
  41  3:55  Marine  
  43  4:02  Marine  
  43  4:03  SCV x2  
  46  4:14  Siege Tank, Marine, Medivac  
  50  4:20  Marine, SCV x2  
  46  4:32  SCV  
  46  4:33  SCV, Marine  
  49  4:44  SCV  
  49  4:45  SCV  
  48  4:49  Barracks Reactor  
  46  4:57  SCV x2, Marine  
  46  4:58  Siege Tank  
  52  5:03  Refinery  
  52  5:10  SCV x2, Supply Depot  
  52  5:11  Supply Depot  
  54  5:32  Marine x3, SCV x2  
  59  5:37  Combat Shields  
  59  5:38  Medivac  
  59  5:41  Supply Depot  
  61  5:44  SCV x2  
  61  5:45  Supply Depot  
  63  5:50  Marine x3  
  63  5:53  Siege Tank  
  63  5:56  SCV  
  70  6:01  SCV  
  70  6:08  SCV  
  70  6:09  Command Center  
  70  6:11  Marine x3, Starport Reactor  
  72  6:14  SCV  
  72  6:18  Engineering Bay x2  
  75  6:20  SCV  
  76  6:26  SCV  
  76  6:29  Marine x3  
  76  6:30  Supply Depot  
  76  6:31  Siege Tank  
  83  6:33  SCV  
  83  6:38  SCV  
  85  6:40  Supply Depot  
  85  6:41  Supply Depot  
  85  6:45  Terran Infantry Weapons Level 1  
  85  6:46  Terran Infantry Armor Level 1  
  85  6:50  Marine  
  85  6:51  Marine x2  
  85  6:52  Supply Depot  
  88  6:57  SCV  
  88  6:58  SCV  
  90  7:03  Siege Tank  
  90  7:08  Marine  
  90  7:09  Marine x2, Medivac  
  90  7:13  Barracks, Medivac  
  90  7:15  Barracks  
  97  7:23  Supply Depot  
  97  7:25  SCV x2  
  97  7:26  Marine  
  97  7:27  Marine x2  
  100  7:31  Orbital Command  
  100  7:35  Siege Tank  
  103  7:44  Marine x3  
  102  7:48  Barracks  
  104  7:56  Barracks  
  104  7:57  Orbital Command  
  101  8:01  Marine  
  101  8:02  Barracks Reactor x2, Marine x2  
  104  8:07  Siege Tank, SCV x2  
  109  8:13  Armory  
  109  8:16  Barracks, Missile Turret  
  109  8:18  Barracks  
  109  8:19  Marine  
  110  8:20  Marine x2, Barracks  
  114  8:28  SCV x2  
  114  8:29  SCV  
  115  8:37  Marine  
  115  8:38  Marine x2  
  115  8:39  Siege Tank  
  115  8:40  SCV  
  115  8:41  SCV x2  
  124  8:45  Marine x2  
  124  8:46  Marine x2  
  123  8:53  SCV x3  
  123  8:55  Marine, Missile Turret  
  127  8:56  Barracks Tech Lab, Marine x2  
  127  8:58  Refinery  
  127  8:59  Refinery  
  127  9:00  Terran Infantry Weapons Level 2  
  128  9:05  SCV x3  
  128  9:06  Barracks Tech Lab x2  
  131  9:11  Siege Tank  
  131  9:12  Marine x2  
  131  9:13  Marine  
  131  9:14  Marine x3  
  141  9:17  SCV  
  141  9:18  Barracks Tech Lab  
  141  9:20  Supply Depot x2  
  141  9:22  Supply Depot  
  140  9:36  Marauder  
  141  9:41  Marine, Supply Depot  
  141  9:42  Marauder x2  
  141  9:43  Missile Turret, Supply Depot  
  141  9:44  Marauder x2  
  141  9:45  Marine x2  
  152  9:46  Marine  
  152  9:47  Siege Tank  
  156  9:58  Marauder  
  158  10:01  Marine x3  
  158  10:03  Marauder x2  
  158  10:04  Marine  
  158  10:06  Marauder x2  
  162  10:13  Marine  
  153  10:16  Marine  
  153  10:19  Siege Tank, Marauder, Marine x2  
  153  10:20  Medivac x2  
  164  10:24  Command Center  
  164  10:25  Marauder  
  166  10:33  Marauder x2  
  166  10:34  Marauder  
  168  10:37  Supply Depot  
  168  10:38  Terran Vehicle Weapons Level 1  
  168  10:39  Supply Depot  
  168  10:40  Marauder  
  168  10:41  Supply Depot  
  168  10:42  Missile Turret  
  166  10:56  Missile Turret  
  166  10:58  Marauder x3  
  166  11:00  Marine  
  173  11:07  Medivac x2  
  177  11:13  Marauder x2, Marine x4  
  185  11:19  Marauder  
  187  11:26  Marauder  
  187  11:27  Marauder, Marine x2  
  187  11:31  Marine x3  
  196  11:37  Marauder x2  
  195  11:47  Marauder, Marine  
  195  11:48  Marauder  
  195  11:51  Marine  
  195  11:52  Marine  
  193  11:55  Marauder  
  193  11:57  Medivac x2  
  193  11:58  Marauder  
  187  12:03  Marauder  
  187  12:05  Marine  
  187  12:07  Marine  
  186  12:09  Marauder  
  186  12:10  Marine x3  
  186  12:12  Marauder  
  189  12:22  Missile Turret  
Tags
 
Add a new tag
Caveats
  • Supply blocks, unpowered buildings, or Contaminate may cause inaccurate times.
  • Supply counts are checked every 10 seconds.